 Dungeon Crawl Stone Soup version 0.31-a0-460-g9e667d4245 (webtiles) character file.

Game seed: 10082645004045198492

3332 randomguy2701 the Cleaver (level 10, -5/88 HPs)
             Began as a Hill Orc Fighter on Aug 5, 2023.
             Was a Believer of Beogh.
             Slain by a two-headed ogre
             ... wielding a +0 dire flail
              (18 damage)
             ... on level 8 of the Dungeon.
             The game lasted 00:10:52 (7464 turns).

randomguy2701 the Cleaver (Hill Orc Fighter)        Turns: 7464, Time: 00:10:53

Health: -5/88      AC: 17    Str: 20    XL:     10   Next: 2%
Magic:  10/10      EV:  6    Int:  8    God:    Beogh [**....]
Gold:   634        SH:  5    Dex: 14    Spells: 9/9 levels left

rFire   . . .        a - +0 war axe
rCold   . . .        c - +0 buckler
rNeg    . . .        D - +0 plate armour
rPois   .            (no helmet)
rElec   .            (no cloak)
rCorr   .            t - +0 pair of gloves
SInv    .            q - +1 pair of boots
Will    .....        (no amulet) Stlth
                     (no ring)
HPRegen 0.34/turn    (no ring)
MPRegen 0.12/turn

%: no passive effects
@: no status effects
A: no striking features
a: Renounce Religion, Smiting


You were on level 8 of the Dungeon.
You worshipped Beogh.
Beogh was pleased with you.
You visited 1 branch of the dungeon, and saw 8 of its levels.

You collected 634 gold pieces.

Inventory:

Hand Weapons
 a - a +0 war axe (weapon)
Armour
 c - a +0 buckler (worn)
 q - a +1 pair of boots (worn)
 t - a +0 pair of gloves (worn)
 D - a +0 plate armour (worn)
Wands
 r - a wand of flame (35)
 C - a wand of roots (17)
Scrolls
 b - a scroll of enchant weapon {unknown}
 h - 3 scrolls of identify
 i - a scroll of teleportation {unknown}
 j - 2 scrolls of fog {unknown}
 m - 2 scrolls of poison {unknown}
 o - 3 scrolls of immolation {unknown}
 s - a scroll of vulnerability {unknown}
 v - a scroll of fear {unknown}
 w - a scroll of silence {unknown}
 y - a scroll of brand weapon {unknown}
 z - 3 scrolls of noise {unknown}
 E - a scroll of blinking {unknown}
Potions
 d - 2 potions of might
 e - 2 potions of resistance {unknown}
 f - 3 potions of degeneration
 g - 7 potions of curing
 k - 3 potions of lignification
 l - 4 potions of invisibility
 n - 3 potions of heal wounds {unknown}
 p - 2 potions of cancellation {unknown}
 u - 2 potions of brilliance {unknown}
 x - a potion of enlightenment {unknown}
 A - 2 potions of attraction {unknown}
 B - 2 potions of ambrosia {unknown}


   Skills:
 + Level 7.6 Fighting
 + Level 12.8 Axes
 + Level 7.7 Armour
 + Level 1.9 Dodging
 + Level 0.6 Stealth
 + Level 5.4 Shields


You had 9 spell levels left.
You didn't know any spells.
Your spell library contained the following spells:

 Spells                   Type           Power      Damage    Failure   Level
 Kiss of Death            Conj/Necr      0%         2d5       100%        1
 Slow                     Hex            0%         N/A       100%        1
 Confusing Touch          Hex            0%         N/A       100%        3
 Vampiric Draining        Necr           0%         2d6       100%        3
 Dispel Undead            Necr           0%         3d6       100%        4


Dungeon Overview and Level Annotations

Branches:
Dungeon (8/15)             Temple (0/1) D:4
   Lair: D:8-11

Altars:
Gozag
Makhleb
Uskayaw
Vehumet
Xom
The Shining One

Annotations:
D:5 2 transporters, osoart's ghost, amateur DgSh


Message History

Aim: a two-headed ogre, wielding a +0 dire flail and a +0 giant spiked club (moderately wounded, 85% to hit)
The puff of flame hits the two-headed ogre.
The two-headed ogre is moderately wounded.
Aiming: Throw Flame
Press: ? - help, Q - select action, (/) - cycle Shift-Dir - straight line, f/p - two-headed ogre
Aim: a two-headed ogre, wielding a +0 dire flail and a +0 giant spiked club (moderately wounded, 85% to hit)
The puff of flame misses the two-headed ogre.
You closely miss the two-headed ogre.
The two-headed ogre is moderately wounded.
The two-headed ogre barely misses you.
The two-headed ogre hits you with a +0 giant spiked club.
You slash the two-headed ogre!
The two-headed ogre is moderately wounded.
The two-headed ogre hits you with a +0 dire flail.
The two-headed ogre hits you with a +0 giant spiked club!
You hit the two-headed ogre.
The two-headed ogre is heavily wounded.
You hit the two-headed ogre but do no damage.
The two-headed ogre is heavily wounded.
The two-headed ogre hits you with a +0 dire flail!!
The two-headed ogre hits you with a +0 giant spiked club!
You slash the two-headed ogre!
The two-headed ogre is heavily wounded.
You hit the two-headed ogre but do no damage.
The two-headed ogre is heavily wounded.
The two-headed ogre hits you with a +0 dire flail.
You block the two-headed ogre's attack.
You hit the two-headed ogre but do no damage.
The two-headed ogre is heavily wounded.
You block the two-headed ogre's attack.
The two-headed ogre hits you with a +0 giant spiked club!
* * * LOW HITPOINT WARNING * * *
You slash the two-headed ogre!
The two-headed ogre is almost dead.
You barely miss the two-headed ogre.
The two-headed ogre is almost dead.
The two-headed ogre hits you with a +0 dire flail.
* * * LOW HITPOINT WARNING * * *
The two-headed ogre hits you with a +0 giant spiked club!!
You die...

# ##.....####......#.
#. #....#...##......⌠_
.##.#..#.###.........#♣
.........# ####......##
.....#...### #.......#
...........## #........
.....#.###..###........
.....#O# ##>..#######.#
.... #@######.###......
... #...# #..##.....#
##. ###.# ##........#
#.#####..#######
#...........#
..######....######.#
............# ..
##(.....#...# ##
...####.....#


You could see a two-headed ogre.

Vanquished Creatures
  The ghost of Splishie the Thaumaturge, an amateur GnWn (D:4)
  A wyvern (D:7)
  2 water moccasins
  An orc warrior (D:8)
  5 ice beasts
  An ogre (D:7)
  2 centaurs (D:8)
  2 black bears (D:7)
  3 phantoms
  A gnoll sergeant (D:5)
  A bullfrog (D:8)
  A scorpion (D:6)
  5 howler monkeys
  6 hounds
  6 jellies
  2 gnoll boudas
  An orc priest (D:7)
  A sleepcap (D:5)
  4 iguanas
  4 orc wizards
  11 adders
  23 gnolls
  3 shadow imps
  An ufetubus (D:7)
  2 worms
  3 dart slugs
  42 orcs
  7 ball pythons
  7 bats
  11 endoplasms
  4 giant cockroaches
  3 goblins
  8 hobgoblins
  15 jackals
  13 kobolds
  A quokka (D:1)
  2 frilled lizards
  4 rats
210 creatures vanquished.

Vanquished Creatures (others)
  A gnoll (D:5)
1 creature vanquished.

Grand Total: 211 creatures vanquished

Notes
Turn   | Place    | Note
-------+----------+-------------------------------------------
     0 | D:1      | randomguy2701 the Hill Orc Fighter began the quest for the
                  | Orb.
     0 | D:1      | Reached XP level 1. HP: 19/19 MP: 1/1
   155 | D:1      | Reached XP level 2. HP: 16/27 MP: 2/2
   243 | D:1      | Found a faded altar of an unknown god.
   255 | D:1      | Reached skill level 3 in Axes
   390 | D:1      | Reached XP level 3. HP: 33/33 MP: 3/3
   507 | D:2      | Found an opulent altar of Gozag.
   978 | D:2      | Reached skill level 4 in Axes
   978 | D:2      | Reached XP level 4. HP: 37/40 MP: 4/4
  1320 | D:3      | Reached XP level 5. HP: 15/46 MP: 5/5
  1328 | D:3      | Reached skill level 5 in Axes
  1775 | D:3      | Found a burning altar of Makhleb.
  1884 | D:3      | Found a glowing golden altar of the Shining One.
  2005 | D:4      | Noticed a phantom
  2007 | D:4      | Found a runed translucent door.
  2022 | D:4      | Killed a phantom
  2023 | D:4      | Reached skill level 6 in Axes
  2023 | D:4      | Reached XP level 6. HP: 49/53 MP: 6/6
  2154 | D:4      | Reached skill level 1 in Dodging
  2289 | D:4      | Found a staircase to the Ecumenical Temple.
  2528 | D:4      | Noticed Splishie's ghost (amateur GnWn)
  2546 | D:5      | Entered Level 5 of the Dungeon
  2578 | D:5      | Found a transporter.
  2581 | D:5      | Noticed osoart's ghost (amateur DgSh)
  2594 | D:5      | Reached skill level 7 in Axes
  2594 | D:5      | Reached XP level 7. HP: 57/60 MP: 7/7
  2651 | D:5      | Found a transporter.
  2743 | D:5      | Reached skill level 5 in Fighting
  2922 | D:5      | Reached skill level 8 in Axes
  2971 | D:5      | HP: 3/61 [orc/+0 hand axe (3)]
  3351 | D:5      | Reached XP level 8. HP: 67/68 MP: 8/8
  3365 | D:5      | Reached skill level 9 in Axes
  3406 | D:5      | Reached skill level 5 in Armour
  4607 | D:5      | Became a worshipper of Beogh the Brigand
  5039 | D:6      | Reached skill level 10 in Axes
  5147 | D:6      | Reached * piety under Beogh
  5336 | D:6      | Reached XP level 9. HP: 70/78 MP: 9/9
  5642 | D:7      | Found a large runed translucent door.
  5652 | D:7      | Found a large runed translucent door.
  5834 | D:7      | Noticed a +0 short sword
  5836 | D:7      | Noticed a +0 falchion
  5839 | D:7      | Reached skill level 11 in Axes
  5869 | D:7      | Noticed a +0 short sword
  5895 | D:7      | Noticed a +0 spear
  5898 | D:7      | Noticed a +0 falchion
  5898 | D:7      | Noticed a +0 spear
  5899 | D:7      | Noticed a +0 dagger
  5899 | D:7      | Noticed a +0 dagger
  5901 | D:7      | Found a hide-covered altar of Uskayaw.
  6496 | D:7      | Found a radiant altar of Vehumet.
  6500 | D:7      | Reached skill level 5 in Shields
  6505 | D:7      | Found an opulent altar of Gozag.
  6721 | D:8      | Found a shimmering altar of Xom.
  6947 | D:4      | Killed Splishie's ghost
  6948 | D:4      | Reached skill level 12 in Axes
  7078 | D:8      | Found a shimmering altar of Xom.
  7079 | D:8      | Found a shimmering altar of Xom.
  7080 | D:8      | Found a shimmering altar of Xom.
  7082 | D:8      | Found a shimmering altar of Xom.
  7082 | D:8      | Found a shimmering altar of Xom.
  7084 | D:8      | Found a shimmering altar of Xom.
  7179 | D:8      | Reached ** piety under Beogh
  7411 | D:8      | Reached XP level 10. HP: 86/86 MP: 10/10
  7451 | D:8      | Noticed a two-headed ogre
  7464 | D:8      | Slain by a two-headed ogre

Illustrated notes

Levels and vault maps discovered:
D:1:      minmay_arrival_five_plusses, layout_rooms,
          hellmonk_ecumenical_altar_arch_garden
D:2:      layout_basic, basic_altar, minmay_pentomino_p2
D:3:      layout_rooms, lightli_temple_of_fire, tso_altar,
          hangedman_decor_opposing, corexii_hall_statues_l,
          minmay_close_crescents
D:4:      layout_rooms, minmay_temple_entry_tees, ebering_ghost_reflecting_pool
D:5:      lemuel_castle_with_subvaults [lemuel_castle_interior_carwin_3],
          layout_basic, gammafunk_ghost_stat_death, minmay_quadrilaterals
D:6:      layout_cave_pools, chequers_serial_rivers_small_3
D:7:      layout_cave_pods, nicolae_uskayaw_en_pointe, jmf_multi_god_temple2
D:8:      layout_rooms, xom_redecorated, trog_wizard, erik_lair_island,
          nicolae_letterblocks [nicolae_letter_subblock,
          nicolae_letter_subblock, nicolae_letter_subblock,
          nicolae_letter_subblock, nicolae_letter_subblock,
          nicolae_letter_subblock, nicolae_letter_subblock,
          nicolae_letter_subblock, nicolae_letter_subblock,
          nicolae_letter_subblock, nicolae_letter_subblock,
          nicolae_letter_subblock, nicolae_letter_subblock,
          nicolae_letter_subblock, nicolae_letter_subblock,
          nicolae_letter_subblock, nicolae_letter_subblock,
          nicolae_letter_subblock, nicolae_letter_subblock,
          nicolae_letter_subblock, nicolae_letter_subblock,
          nicolae_letter_subblock, nicolae_letter_subblock,
          nicolae_letter_subblock, nicolae_letter_subblock]

Skill      XL: |  1  2  3  4  5  6  7  8  9 |
---------------+----------------------------+-----
Axes           | 3 4 6 7 8 10 12 | 12.8
Fighting       | 4 5 6 7 |  7.6
Shields        | 4 5 |  5.4
Armour         | 4 6 7 |  7.7
Dodging        | 1 |  1.9
Stealth        | |  0.6

Action                     |  1- 3 |  4- 6 |  7- 9 | 10-12 || total
---------------------------+-------+-------+-------+-------++-------
  Melee: War axe           |    87 |   156 |   462 |    20 ||   725
 Invoke: Convert to Beogh  |       |       |     1 |       ||     1
  Evoke: Wand              |       |       |       |     3 ||     3
    Use: Potion            |       |     1 |     1 |       ||     2
         Scroll            |       |       |     4 |       ||     4
 Armour: Scale mail        |    44 |    89 |    64 |       ||   197
         Plate armour      |       |       |   191 |     4 ||   195
  Dodge: Dodged            |    51 |    80 |   160 |     4 ||   295
  Block: Buckler           |    27 |    42 |   100 |     5 ||   174

Table legend: (Time is in decaauts)
 A = Elapsed time spent in this place.
 B = Non-inter-level travel time spent in this place.
 C = Inter-level travel time spent in this place.
 D = Time resting spent in this place.
 E = Time spent auto-exploring this place.
 F = Levels seen in this place.
 G = Mean time per level.
                   A        B        C        D        E       F      G
               +--------+--------+--------+--------+--------+-----+--------+
         Total |   7568 |   6875 |    693 |      0 |   5342 |   8 |  946.0 |
       Dungeon |   7568 |   6875 |    693 |      0 |   5342 |   8 |  946.0 |
               +--------+--------+--------+--------+--------+-----+--------+

Top non-repeatable levels by time:
     D:5: 1825 daAuts
     D:4: 1403 daAuts
     D:7: 1153 daAuts
     D:3: 956 daAuts
     D:2: 782 daAuts
     D:6: 608 daAuts
     D:1: 426 daAuts
     D:8: 410 daAuts
